 Dungeon Crawl Stone Soup version 0.31-a0-1010-g5322dac6a2 (webtiles) character file.

Game seed: 15767306858154438040

53 protoss039 the Digger (level 3, 27/27 HPs)
             Began as a Demonspawn Earth Elementalist on Nov 16, 2023.
             Got out of the dungeon alive.
             The game lasted 00:02:08 (1963 turns).

protoss039 the Digger (DsEE)                        Turns: 1963, Time: 00:02:08

Health: 27/27      AC:  3    Str:  5    XL:     3   Next: 64%
Magic:  6/6        EV: 11    Int: 18    God:
Gold:   42         SH:  4    Dex: 13    Spells: 4/7 levels left

rFire   . . .        g - +3 dagger
rCold   . . .        s - +0 buckler
rNeg    . . .        a - +0 robe
rPois   +            (no helmet)
rElec   .            (no cloak)
rCorr   .            h - +0 pair of gloves "Agioma" {rPois Regen+ Str-3}
SInv    .            (no boots)
Will    .....        (no amulet)
Stlth   ++           (no ring)
HPRegen 1.04/turn    (no ring)
MPRegen 0.10/turn

%: no passive effects
@: no status effects
A: powered by pain 1, weakness stinger 1
a: no special abilities


You escaped.
You visited 1 branch of the dungeon, and saw 2 of its levels.

You collected 42 gold pieces.

Inventory:

Hand Weapons
 g - a +3 dagger (weapon)
 n - a +0 vampiric rapier
Armour
 a - a +0 robe (worn)
 h - the +0 pair of gloves "Agioma" (worn) {rPois Regen+ Str-3}
   (You found it on level 2 of the Dungeon)

   Str-3:     It affects your strength (-3).
   rPois:     It protects you from poison Regen+: It increases your rate of
   health regeneration.
 s - a +0 buckler (worn)
Magical Staves
 k - a staff of fire
Talismans
 j - a talisman of death
Scrolls
 c - a scroll of fear {unknown}
 d - a scroll of enchant weapon {unknown}
 i - a scroll of immolation {unknown}
 l - a scroll of vulnerability {unknown}
 o - a scroll of enchant armour {unknown}
 p - a scroll of identify {unknown}
 q - a scroll of torment {unknown}
Potions
 b - a potion of magic
 e - a potion of resistance {unknown}
 f - a potion of heal wounds {unknown}
 m - a potion of enlightenment {unknown}
 r - a potion of curing {unknown}


   Skills:
 + Level 1.6 Fighting
 * Level 0.5 Short Blades
 - Level 1.7 Dodging
 * Level 2.2 Stealth
 + Level 2.5 Spellcasting
 - Level 0.8 Transmutations
 + Level 3.1 Earth Magic


You had 4 spell levels left.
You knew the following spells:

 Your Spells              Type           Power      Damage    Failure   Level
a - Sandblast             Erth           26%        2d8       10%         1
b - Passwall              Tmut/Erth      7%         N/A       22%         2

Your spell library contained the following spells:

 Spells                   Type           Power      Damage    Failure   Level
 Lesser Beckoning         Tloc           4%         N/A       45%         2
 Stone Arrow              Conj/Erth      14%        3d7       45%         3
 Gell's Gravitas          Tloc           2%         N/A       69%         3
 Hailstorm                Conj/Ice       2%         3d3       69%         3
 Teleport Other           Tloc           2%         N/A       69%         3
 Petrify                  Tmut/Erth      9%         N/A       82%         4
 Brom's Barrelling Bould  Conj/Erth      7%         2d3       86%         4
 Summon Ice Beast         Ice/Summ       2%         N/A       97%         4
 Simulacrum               Ice/Necr       1%         N/A       100%        6


Dungeon Overview and Level Annotations

Branches:
Dungeon (2/15) Zot: 10029

Altars:

Shops:
D:1 [


Innate Abilities, Weirdness & Mutations

You sometimes gain a little power by taking damage.
You have a small tail.


Message History

You see here a frilled lizard corpse.
You see here a frilled lizard corpse.
You see here a bat corpse.
Partly explored, can't reach some places.
No target in view!
Partly explored, can't reach some places.
No target in view!
Partly explored, can't reach some places.
No target in view!
Partly explored, can't reach some places.
No target in view!
Partly explored, can't reach some places.
Partly explored, can't reach some places.
Partly explored, can't reach some places.
No target in view!
Partly explored, can't reach some places.
Search for what [Enter for "."]? .
You see here a bat corpse.
You see here a +0 buckler.
s - a +0 buckler You start putting on your armour.
You continue putting on your +0 buckler. x4
You finish putting on your +0 buckler.
Unknown command.
Partly explored, can't reach some places.
Partly explored, can't reach some places.
Search for what [Enter for "."]? .
Partly explored, can't reach some places.
There is a stone staircase leading down here.
Okay, then.
Unknown command.
Unknown command.
What level of the Dungeon? (default 2, ? - help)
There is a stone staircase leading up here.
You climb upwards.
There is a stone staircase leading down here.
There is an open door here.
There is an open door here.
There is a staircase leading out of the dungeon here.
You have escaped!

#.#.#.#####.######
#.#.#...#(#.#....'
#..)###.#.#.#.####
#.#.....#.#.#.# #
#.#.#####.#.#.# #
###.#...#...#.####
#...#.#.#.#.#.....
###.#.#.#.#...####
#@#.#.#.#.#####
#...#.#...#.#
#.#.###.###.#
#.#.#.....#.#
#.#...###.#.#
#...#.#.....#
#############


There were no monsters in sight!

Vanquished Creatures
  A worm (D:2)
  3 dart slugs
  7 ball pythons
  2 endoplasms
  A giant cockroach (D:1)
  4 goblins
  A hobgoblin (D:2)
  2 quokkas (D:2)
  10 bats
  7 frilled lizards
  4 kobolds
  4 rats
46 creatures vanquished.

Notes
Turn   | Place    | Note
-------+----------+-------------------------------------------
     0 | D:1      | protoss039 the Demonspawn Earth Elementalist began the
                  | quest for the Orb.
     0 | D:1      | Reached XP level 1. HP: 13/13 MP: 3/3
   167 | D:1      | Gained mutation: You have a small tail. [demonic ancestry]
   167 | D:1      | Reached XP level 2. HP: 20/20 MP: 0/5
   406 | D:1      | Found Heurgh's Antique Armour Shoppe.
   581 | D:1      | Reached skill level 1 in Fighting
   717 | D:1      | Reached skill level 3 in Earth Magic
  1066 | D:1      | Learned a level 2 spell: Passwall
  1080 | D:2      | Identified the +0 pair of gloves "Agioma" {rPois Regen+
                  | Str-3}
  1164 | D:2      | Gained mutation: You sometimes gain a little power by
                  | taking damage. [demonic ancestry]
  1164 | D:2      | Reached XP level 3. HP: 26/26 MP: 6/6
  1963 | D:$      | Got out of the dungeon alive.

Illustrated notes

Levels and vault maps discovered:
D:1:      onia_arrival_mini_maze, layout_basic, serial_shops,
          nicolae_shop_pleasant_corner_grove, minmay_misc_feat_columns,
          roderic_roman_lattice, minmay_misc_feat_pillars
D:2:      layout_loops_ring, uniq_crazy_yiuf_cottage

Skill      XL: |  1  2  3 |
---------------+----------+-----
Fighting       | 1 |  1.6
Earth Magic    | 3 |  3.1
Stealth        | 2 |  2.2
Short Blades   | |  0.5
Dodging        | |  1.7
Spellcasting   | |  2.5
Transmutations | |  0.8

Action                     || total
---------------------------++-------
  Melee: Dagger            ||    75
         Tailslap          ||     6
         Rapier            ||     1
         Punch             ||     2
   Cast: Sandblast         ||    19
   Stab: Sleeping          ||     4
 Armour: Robe              ||    45
  Dodge: Dodged            ||    46

Table legend: (Time is in decaauts)
 A = Elapsed time spent in this place.
 B = Non-inter-level travel time spent in this place.
 C = Inter-level travel time spent in this place.
 D = Time resting spent in this place.
 E = Time spent auto-exploring this place.
 F = Levels seen in this place.
 G = Mean time per level.
                   A        B        C        D        E       F      G
               +--------+--------+--------+--------+--------+-----+--------+
         Total |   1971 |   1841 |    130 |      0 |   1537 |   2 |  985.5 |
       Dungeon |   1971 |   1841 |    130 |      0 |   1537 |   2 |  985.5 |
               +--------+--------+--------+--------+--------+-----+--------+

Top non-repeatable levels by time:
     D:1: 1136 daAuts
     D:2: 834 daAuts
